 Dungeon Crawl Stone Soup version 0.17-a0-1262-gd250d98 (webtiles) character file.

18 Fluffy the Stinger (level 2, -3/17 HPs)
             Began as an Octopode Venom Mage on June 6, 2015.
             Slain by a phantom (5 damage)
             ... on level 1 of the Dungeon.
             The game lasted 00:03:39 (1036 turns).

Fluffy the Stinger (Octopode Venom Mage)            Turns: 1036, Time: 00:03:39

Health: -3/17      AC:  1    Str:  7    XL:     2   Next: 70%
Magic:  5/5        EV: 12    Int: 17    God:
Gold:   72         SH:  0    Dex: 12    Spells: 1 memorised, 4 levels left

rFire  . . .     SeeInvis .     d - +0 dagger
rCold  . . .     Clarity  .     (no shield)
rNeg   . . .     SustAt   .     (helmet restricted)
rPois  .         Gourm    .     i - amulet of stasis
rElec  .         Spirit   .     (no ring)
rCorr  .         Warding  .     (no ring)
rMut   .         Stasis   +     (no ring)
MR     .....                    (no ring)
Stlth  +++.......               (no ring)
                                (no ring)
                                (no ring)
                                (no ring)

@: not resistant to hostile enchantments, fairly stealthy
A: almost no armour, amphibious, 8 rings, constrict 8, camouflage 1, gelatinous
body 1
a: no special abilities


You were on level 1 of the Dungeon.
You were hungry.

You visited 1 branch of the dungeon, and saw 1 of its levels.

You collected 72 gold pieces.

Inventory:

Hand weapons
 d - a +0 dagger (weapon)
Jewellery
 i - an amulet of stasis (around mantle)
Scrolls
 e - a scroll of identify {unknown}
 f - a scroll of recharging {unknown}
 g - 2 scrolls of remove curse {unknown}
Potions
 c - a potion of flight {unknown}
 h - a potion of lignification {unknown}
 j - a potion of invisibility {unknown}
 k - a potion of haste {unknown}
Books
 a - a Young Poisoner's Handbook

   Spells                             Type                      Level
   a - Sting                          Conjuration/Poison           1
   b - Cure Poison                    Poison                       2
   c - Mephitic Cloud                 Conjuration/Poison/Air       3
   d - Olgreb's Toxic Radiance        Poison                       4
   e - Venom Bolt                     Conjuration/Poison           5
Comestibles
 b - a bread ration


   Skills:
 - Level 2.0 Dodging
 - Level 2.6 Stealth
 + Level 2.3 Spellcasting
 + Level 1.1 Conjurations
 + Level 5.1 Poison Magic


You had 4 spell levels left.
You knew the following spells:

 Your Spells              Type           Power        Failure   Level  Hunger
a - Sting                 Conj/Pois      ##..         6%          1    #......


Dungeon Overview and Level Annotations

Branches:
Dungeon (1/15)

Altars:


Innate Abilities, Weirdness & Mutations

You cannot wear most types of armour.
You are amphibious.
You can wear up to eight rings at the same time.
You can use your tentacles to constrict eight enemies at once.
Your skin changes colour to match your surroundings (Stealth).
Your rubbery body absorbs attacks (AC +1).


Message History

Confirm with . or Enter, or press ? or * to list all spells.
You can't see any susceptible monsters within range! (Use Z to cast anyway.)
You are feeling hungry.
You see here a club.
A goblin comes into view. It is wielding a club.
Found a bubbling emerald potion.
The helpless goblin fails to defend itself.
You puncture the goblin!
You kill the goblin!
Things that are here:
a club; a goblin corpse You barely miss the phantom.
The phantom hits you!
Ouch! That really hurt!
You see here a bubbling emerald potion.
k - a bubbling emerald potion The phantom hits you.
* * * LOW HITPOINT WARNING * * *
You see here a leather armour.
The phantom hits you.
You die...

#.#.#.# #..#
..#.#.# #..#
#.#.#.#####..#
###.#....W..W#
....########.#
############.#####
..#..............#
.ยง..########.###.#
....# ######.# #@#
....# #......# #W#
....# #.###### #.#
#.#.# #.# #.#
#.#.###.# #.#
#.#.....# #.#
#.####### #[# ....#
#.# #.#.# #.#


You could see a phantom.

Vanquished Creatures
  A giant cockroach (D:1)
  5 goblins (D:1)
  5 hobgoblins (D:1)
  2 kobolds (D:1)
  2 bats (D:1)
  3 rats (D:1)
18 creatures vanquished.

Notes
Turn   | Place    | Note
--------------------------------------------------------------
     0 | D:1      | Fluffy the Octopode Venom Mage began the quest for the Orb.
     0 | D:1      | Reached XP level 1. HP: 11/11 MP: 3/3
   114 | D:1      | Reached skill level 1 in Conjurations
   185 | D:1      | Reached XP level 2. HP: 17/17 MP: 3/5
   195 | D:1      | Reached skill level 5 in Poison Magic
   917 | D:1      | Noticed a phantom
  1036 | D:1      | Slain by a phantom

Vault maps used:
D:1:      minmay_arrival_plants_in_alcoves

Action                   || total
-------------------------++-------
Melee: Unarmed           ||     3
       Dagger            ||    19
 Cast: Sting             ||    23
 Stab: Sleeping          ||     1
